 Dungeon Crawl Stone Soup version 0.28-a0-706-gf6f64a616a (webtiles) character file.

Game seed: 15852945552142564832

46 Crownlay the Skirmisher (level 3, 0/33 HPs)
             Began as a Minotaur Fighter on Oct 24, 2021.
             Was a Believer of Lugonu.
             Slain by a quokka (3 damage)
             ... on level 2 of the Dungeon.
             The game lasted 00:02:11 (1079 turns).

Crownlay the Skirmisher (Minotaur Fighter)          Turns: 1079, Time: 00:02:11

Health: 0/33       AC:  6    Str: 21    XL:     3   Next: 46%
Magic:  1/2        EV:  9    Int:  5    God:    Lugonu [**....]
Gold:   35         SH:  4    Dex:  9    Spells: 2/2 levels left

rFire   . . .      SeeInvis .   a - +0 long sword
rCold   . . .      Faith    .   c - +0 buckler
rNeg    + . .      Spirit   .   b - +0 scale mail
rPois   .          Reflect  .   (helmet restricted)
rElec   .          Harm     .   (no cloak)
rCorr   .          Rampage  .   (no gloves)
Will    .....                   (no boots)
Stlth   ..........              (no amulet)
HPRegen 0.11/turn               e - ring of positive energy
MPRegen 0.08/turn               (no ring)

@: no status effects
A: horns 2, retaliatory headbutt
a: Renounce Religion, Depart the Abyss, Bend Space


You were on level 2 of the Dungeon.
You worshipped Lugonu.
Lugonu was pleased with you.
You visited 1 branch of the dungeon, and saw 2 of its levels.

You collected 35 gold pieces.

Inventory:

Hand Weapons
 a - a +0 long sword (weapon)
Armour
 b - a +0 scale mail (worn)
 c - a +0 buckler (worn)
Jewellery
 e - a ring of positive energy (left hand)
Scrolls
 f - a scroll of blinking {unknown}
Potions
 d - a potion of might
 g - 2 potions of attraction {unknown}
 h - a potion of haste {unknown}


   Skills:
 + Level 4.2 Fighting
 * Level 3.9 Long Blades
 - Level 3.6 Armour
 - Level 4.0 Shields


You had 2 spell levels left.
You didn't know any spells.
Your spell library contained the following spells:

 Spells                   Type           Power      Damage    Failure   Level
 Sandblast                Erth           0%         2d4       82%         1
 Sting                    Tmut/Pois      0%         1d3       82%         1
 Passwall                 Tmut/Erth      0%         N/A       91%         2
 Poisonous Vapours        Pois/Air       0%         N/A       91%         2
 Stone Arrow              Conj/Erth      0%         3d7       99%         3
 Olgreb's Toxic Radiance  Pois           0%         N/A       100%        4


Dungeon Overview and Level Annotations

Branches:
Dungeon (2/15)

Altars:
Sif Muna
Lugonu


Innate Abilities, Weirdness & Mutations

You have a pair of horns on your head.
You reflexively headbutt those who attack you in melee.


Message History

The gnoll hits you with a +0 flail.
You are too injured to fight recklessly!
You are too injured to fight recklessly!
The gnoll hits the plant with a +0 flail!
You barely miss the gnoll. The gnoll hits you with a +0 flail.
* * * LOW HITPOINT WARNING * * *
The quokka bites the plant.
The plant begins to die.
The kobold hits the plant with a +0 dagger.
You barely miss the gnoll.
You headbutt the gnoll, but do no damage.
A nearby plant withers and dies.
The quokka bites the plant.
The gnoll closely misses you.
The kobold hits the plant with a +0 dagger.
The gnoll barely misses you.
The quokka bites the plant.
The kobold hits the plant with a +0 dagger.
Okay, then.
Space bends around you!
You blink.
Found a book of Spectacle and a scroll labelled YDADDU GUUMNU.
The gnoll hits the plant with a +0 flail!
Found a shimmering blue altar of Sif Muna.
A nearby plant withers and dies.
You see here a scroll labelled LIBICE CAOWKI.
You slash the giant cockroach!
You kill the giant cockroach!
Lugonu accepts your kill. The quokka completely misses you.
The quokka bites you.
* * * LOW HITPOINT WARNING * * *
You hit the quokka.
The quokka is moderately wounded.
The quokka barely misses you. You furiously retaliate!
You headbutt the quokka!
You kill the quokka!
Lugonu accepts your kill.
The quokka bites you but does no damage.
You slash the kobold!
You kill the kobold!
Lugonu accepts your kill. You block the quokka's attack. x2
You barely miss the goblin. Your headbutt misses the goblin.
The goblin hits you but does no damage. The quokka bites you.
You die...

####♣..♣......#♣.♣ ♣.
###P.P♣PP.♣♣###†♣.♣
♣§♣♣PP♣♣.P♣♣♣..♣P..P.♣♣
PP..P.......♣.P.!♣...P♣
..#...#.P......♣P♣..♣.♣
....?.....g).♣.P♣♣♣.♣PP.
#..._...#...♣†PPP♣ ♣♣ ♣.
....:...r....^♣P.♣ ♣
.#...#@gg...P..♣..♣
♣.♣...8..P♣...♣.♣P
.....♣P[♣♣♣P.♣. . P
PP..♣$P..♣..♣..♣.♣.♣ ♣♣.
♣♣.♣♣.♣P♣..♣ ♣ P. ♣.
.♣♣♣ . .♣ PP ♣ #♣.


You could see 2 gnolls, a quokka and a goblin.

Vanquished Creatures
  A worm (D:2)
  A dart slug (D:1)
  3 bats
  3 endoplasms
  4 giant cockroaches
  4 goblins
  2 hobgoblins (D:1)
  4 jackals (D:1)
  5 kobolds
  3 quokkas
  3 ball pythons (D:1)
  2 frilled lizards (D:1)
  A rat (D:1)
36 creatures vanquished.

Vanquished Creatures (others)
  12 plants
12 creatures vanquished.

Grand Total: 48 creatures vanquished

Notes
Turn   | Place    | Note
-------+----------+-------------------------------------------
     0 | D:1      | Crownlay the Minotaur Fighter began the quest for the Orb.
     0 | D:1      | Reached XP level 1. HP: 19/19 MP: 0/0
   129 | D:1      | Reached XP level 2. HP: 25/27 MP: 1/1
   649 | D:1      | Reached XP level 3. HP: 19/33 MP: 2/2
   822 | D:1      | Found a faded altar of an unknown god.
   848 | D:1      | Prayed at the altar of an unknown god.
   848 | D:1      | Became a worshipper of Lugonu the Unformed
   848 | D:1      | Reached * piety under Lugonu
   848 | D:1      | Reached ** piety under Lugonu
  1074 | D:2      | Found a shimmering blue altar of Sif Muna.
  1079 | D:2      | Slain by a quokka

Illustrated notes

Levels and vault maps discovered:
D:1:      erik_arrival_orb_chamber, layout_basic,
          shapermc_ecumenical_altar_mp_ritualfount, minmay_heptomino_w4
D:2:      wad_woods_stonehenge, layout_basic, serial_shops,
          nicolae_shop_waterfront

Skill      XL: |  1  2 |
---------------+-------+-----
Fighting       | 4 |  4.2
Long Blades    | 3 |  3.9
Shields        | 4 |  4.0
Armour         | |  3.6

Action                   || total
-------------------------++-------
Melee: Long sword        ||    72
       Headbutt          ||    10
Invok: Bend Space        ||     1
Armor: Scale mail        ||    32
Dodge: Dodged            ||    39
Block: Buckler           ||    18

Table legend: (Time is in decaauts)
 A = Elapsed time spent in this place.
 B = Non-inter-level travel time spent in this place.
 C = Inter-level travel time spent in this place.
 D = Time resting spent in this place.
 E = Time spent auto-exploring this place.
 F = Levels seen in this place.
 G = Mean time per level.
                   A        B        C        D        E       F      G
               +--------+--------+--------+--------+--------+-----+--------+
         Total |   1095 |   1052 |     43 |      0 |    854 |   2 |  547.5 |
       Dungeon |   1095 |   1052 |     43 |      0 |    854 |   2 |  547.5 |
               +--------+--------+--------+--------+--------+-----+--------+

Top non-repeatable levels by time:
     D:1: 985 daAuts
     D:2: 110 daAuts
